 Dungeon Crawl Stone Soup version 0.31-a0-986-g5e6e4ef867 (webtiles) character file.

Game seed: 2682152953015029404

555 jasper the Changeling (level 7, 0/55 HPs)
             Began as a Demonspawn Cinder Acolyte on Nov 20, 2023.
             Was a High Priest of Ignis.
             Slain by an orc warrior
             ... wielding a +0 halberd
              (10 damage)
             ... on level 5 of the Dungeon.
             The game lasted 00:08:09 (3553 turns).

jasper the Changeling (Demonspawn Cinder Acolyte)   Turns: 3553, Time: 00:08:10

Health: 0/55       AC: 15    Str: 15    XL:     7   Next: 8%
Magic:  8/8        EV:  7    Int: 15    God:    Ignis [*****.]
Gold:   244        SH:  7    Dex: 12    Spells: 8/8 levels left

rFire   + .          .
                       - Unarmed
rCold   . . .        q - +0 kite shield
rNeg    . . .        g - +0 scale mail
rPois   .            (helmet restricted)
rElec   .            s - +2 cloak of the Endless Expanse {Dex+2 Stlth+}
rCorr   .            (no gloves)
SInv    +            (no boots)
Will    .....        (no amulet)
Stlth   +            h - ring of see invisible
HPRegen 0.29/turn    (no ring)
MPRegen 0.11/turn

%: no passive effects
@: sanguine armoured
A: antennae 1, foul stench 2, spiny 1, sanguine armour 1
a: Renounce Religion, Fiery Armour, Foxfire Swarm, Rising Flame


You were on level 5 of the Dungeon.
You worshipped Ignis.
Ignis was extremely pleased with you.
You visited 1 branch of the dungeon, and saw 5 of its levels.
You also visited: Sewer.

You collected 244 gold pieces.

Inventory:

Hand Weapons
 b - a +1 spear
Missiles
 c - 21 stones (quivered)
 i - 3 throwing nets
Armour
 a - a +0 robe
 g - a +0 scale mail (worn)
 q - a +0 kite shield (worn)
 s - the +2 cloak of the Endless Expanse (worn) {Dex+2 Stlth+}
   (You found it on level 5 of the Dungeon)

   Dex+2:     It affects your dexterity (+2).
   Stlth+:    It makes you more stealthy.
Jewellery
 h - a ring of see invisible (left hand)
Talismans
 d - a talisman of death
 k - a serpent talisman
Wands
 e - a wand of roots (9)
Scrolls
 f - a scroll of poison
 l - a scroll of fear
 r - 3 scrolls of enchant weapon
 t - 2 scrolls of teleportation
Potions
 j - 2 potions of brilliance
 m - 3 potions of enlightenment
 n - a potion of magic
 o - 2 potions of curing {unknown}
 p - a potion of berserk rage {unknown}
 u - 2 potions of heal wounds
 v - a potion of lignification {unknown}


   Skills:
 - Level 4.3 Fighting
 - Level 3.9 Unarmed Combat
 - Level 1.0 Spellcasting
 - Level 2.6 Fire Magic
 + Level 4.9 Shapeshifting


You had 8 spell levels left.
You didn't know any spells.
Your spell library contained the following spells:

 Spells                   Type           Power      Damage    Failure   Level
 Scorch                   Fire           16%        2d5       88%         2
 Ensorcelled Hibernation  Hex/Ice        0%         N/A       99%         2
 Passwall                 Tmut/Erth      0%         N/A       99%         2
 Swiftness                Air            0%         N/A       100%        3


Dungeon Overview and Level Annotations

Branches:
Dungeon (5/15)             Temple (0/1) D:5           Sewer (visited)

Altars:
Makhleb


Innate Abilities, Weirdness & Mutations

You have a pair of small antennae on your head.
You sometimes emit foul miasma when damaged in melee.
You are partially covered in sharp spines.
When seriously injured, your blood forms armour. (AC +6)


Message History

An orc warrior is nearby!
An orc comes into view. It is wielding a +0 flail.
You block the orc's attack. The orc attacks as it pursues you!
You block the orc's attack.
You hit the orc but do no damage. The orc hits you but does no damage.
You hit the orc.
The orc is lightly wounded.
The orc is struck by your spines.
You kill the orc!
You block the orc warrior's attack.
Things that are here:
a +0 hand axe; a +0 scale mail; an orc corpse You closely miss the orc warrior.
The orc warrior is struck by your spines.
The orc warrior hits you with a +0 halberd!
An orc priest comes into view. It is wielding a +0 hand axe.
You take 15 damage, and have 40/55 hp.
MASSIVE DAMAGE!!
The orc priest shouts!
You hit the orc warrior but do no damage.
The orc warrior is moderately wounded.
The orc warrior hits you with a +0 halberd.
Your blood congeals into armour.
The orc warrior is struck by your spines.
The orc warrior hits you with a +0 halberd!
You take 14 damage, and have 26/55 hp.
MASSIVE DAMAGE!!
You barely miss the orc warrior.
The orc warrior is heavily wounded.
The orc warrior hits you with a +0 halberd.
You take 6 damage, and have 20/55 hp.
You hit the orc warrior but do no damage.
The orc warrior is heavily wounded.
The orc warrior hits you with a +0 halberd!
* * * LOW HITPOINT WARNING * * *
You take 11 damage, and have 9/55 hp.
You barely miss the orc warrior.
The orc warrior is heavily wounded.
The orc priest calls upon Beogh to heal the orc warrior.
The orc warrior is healed somewhat.
The orc warrior hits you with a +0 halberd!
You die...

#.# ####### #.#
......# #.# #####.#
##.######### # #.#
##...........
#####.#####......#####
#.........#......#
#.###.###........# #.#
#.#####.#.##@#
#.###...###.#.##o##
......#.##......o.###
#####...............##
##..##...###...##o.#
##..## .#.# #.#.###.#
##...###...# #...#
#... .†.†....# .###.
..... ##....#.# #. .
.o#...#


You could see an orc warrior, an orc priest and an orc.

Vanquished Creatures
  A black bear (D:5)
  A kobold brigand (Sewer)
  2 scorpions
  2 hounds
  A jelly (D:4)
  An iguana (D:5)
  3 river rats (Sewer)
  5 adders
  2 ufetubi (D:5)
  3 worms
  4 dart slugs
  2 orcs
  4 endoplasms
  2 giant cockroaches (D:2)
  4 goblins
  3 hobgoblins
  2 jackals
  9 kobolds
  4 quokkas
  3 ball pythons (D:1)
  8 bats
  5 frilled lizards
  4 rats
75 creatures vanquished.

Notes
Turn   | Place    | Note
-------+----------+-------------------------------------------
     0 | D:1      | jasper the Demonspawn Cinder Acolyte began the quest for
                  | the Orb.
     0 | D:1      | Reached XP level 1. HP: 18/18 MP: 2/2
   185 | D:1      | Gained mutation: You may rarely emit foul miasma when
                  | damaged in melee. [demonic ancestry]
   185 | D:1      | Reached XP level 2. HP: 21/24 MP: 3/3
   227 | D:1      | Found a faded altar of an unknown god.
   945 | D:2      | Gained mutation: You sometimes emit foul miasma when
                  | damaged in melee. [demonic ancestry]
   945 | D:2      | Reached XP level 3. HP: 29/30 MP: 4/4
  1696 | D:3      | Noticed a scorpion
  1709 | D:3      | Killed a scorpion
  1710 | D:3      | Gained mutation: When seriously injured, your blood forms
                  | armour. (AC +6) [demonic ancestry]
  1710 | D:3      | Reached XP level 4. HP: 37/38 MP: 5/5
  1995 | D:4      | Reached skill level 1 in Shapeshifting
  1995 | D:4      | Gained mutation: You have a pair of small antennae on your
                  | head. [demonic ancestry]
  1995 | D:4      | Reached XP level 5. HP: 36/43 MP: 6/6
  2226 | D:4      | Identified the +0 robe "Afiuxudd" {rPois}
  2627 | D:5      | Entered Level 5 of the Dungeon
  2627 | D:5      | Found a glowing drain.
  2638 | D:5      | Identified the +2 cloak of the Endless Expanse {Dex+2
                  | Stlth+}
  2675 | Sewer    | Entered a sewer
  2699 | Sewer    | Gained mutation: You are partially covered in sharp spines.
                  | [demonic ancestry]
  2699 | Sewer    | Reached XP level 6. HP: 18/49 MP: 7/7
  3298 | D:5      | Found a staircase to the Ecumenical Temple.
  3324 | D:5      | Reached XP level 7. HP: 53/55 MP: 8/8
  3372 | D:5      | Found a burning altar of Makhleb.
  3372 | D:5      | Noticed a green death
  3553 | D:5      | Slain by an orc warrior

Illustrated notes

Levels and vault maps discovered:
D:1:      wander_arrival_abandoned_jail, layout_rooms,
          hellmonk_ecumenical_altar_lost_god
D:2:      layout_basic, serial_aquarium, aquarium_bridge_straight
          [aquarium_subvault_bridge, aquarium_subvault_window,
          aquarium_subvault_bridge, aquarium_subvault_window],
          aquarium_window_fake, aquarium_window_1, aquarium_view_2e,
          aquarium_view_2f, aquarium_balcony_5a, aquarium_pool_2
D:3:      lemuel_castle_with_subvaults [lemuel_castle_interior_carwin_3],
          layout_basic, okawaru_metal_pillars_1_2
D:4:      layout_loops_ring
D:5:      layout_loops_corners, makhleb_altar_promises_db, temple_green,
          cheibrodos_sewer_entry_sluice, serial_shops, nicolae_shop_crystal,
          chequers_serial_rivers_marsh, amethyst_killhole, hex_tiny,
          minmay_starry_boxes

Skill      XL: |  1  2  3  4  5  6 |
---------------+-------------------+-----
Unarmed Combat | 3 |  3.9
Fighting       | 4 |  4.3
Shapeshifting  | 1 3 4 |  4.9
Spellcasting   | |  1.0
Fire Magic     | |  2.6

Action                     |  1- 3 |  4- 6 |  7- 9 || total
---------------------------+-------+-------+-------++-------
  Melee: Unarmed           |   129 |   137 |    16 ||   282
         Punch             |     4 |       |       ||     4
  Throw: Stone             |    11 |    20 |     2 ||    33
 Invoke: Fiery Armour      |     2 |       |       ||     2
Ability: Begin Untransform |       |     1 |       ||     1
    Use: Scroll            |    10 |     3 |       ||    13
 Armour: Robe              |     4 |       |       ||     4
         Scale mail        |    90 |    98 |    13 ||   201
  Dodge: Dodged            |    49 |    58 |       ||   107
  Block: Kite shield       |     7 |    59 |     7 ||    73
   Form: Anaconda          |       |     1 |       ||     1

Table legend: (Time is in decaauts)
 A = Elapsed time spent in this place.
 B = Non-inter-level travel time spent in this place.
 C = Inter-level travel time spent in this place.
 D = Time resting spent in this place.
 E = Time spent auto-exploring this place.
 F = Levels seen in this place.
 G = Mean time per level.
                   A        B        C        D        E       F      G
               +--------+--------+--------+--------+--------+-----+--------+
         Total |   3600 |   3437 |    163 |    140 |   2514 |   6 |  600.0 |
       Dungeon |   3294 |   3131 |    163 |     88 |   2329 |   5 |  658.8 |
         Sewer |    306 |    306 |      0 |     52 |    185 |   1 |  306.0 |
               +--------+--------+--------+--------+--------+-----+--------+

Top non-repeatable levels by time:
     D:2: 831 daAuts
     D:1: 805 daAuts
     D:5: 660 daAuts
     D:4: 651 daAuts
     D:3: 345 daAuts
   Sewer: 306 daAuts
